 Dungeon Crawl Stone Soup version 0.24-a0-479-g9a978d2894 (webtiles) character file.

Game seed: 12819383157450375486

7428 CandyEater the Geomancer (level 11, 0/64 HPs)
             Began as a Gargoyle Earth Elementalist on July 6, 2019.
             Was a Follower of Vehumet.
             Killed from afar by an orc (9 damage)
             ... with a bolt of acid
             ... on level 9 of the Dungeon.
             The game lasted 00:20:35 (8177 turns).

CandyEater the Geomancer (GrEE)                     Turns: 8177, Time: 00:20:37

Health: 0/64       AC: 11    Str: 12    XL:     11   Next: 15%
Magic:  15/21      EV: 13    Int: 19    God:    Vehumet [*.....]
Gold:   419        SH:  0    Dex: 10    Spells: 11/23 levels left

rFire    . . .     SeeInvis .   w - +4 flail
rCold    . . .     Gourm    +   (no shield)
rNeg     + . .     Faith    .   p - +2 robe {Archmagi}
rPois    ∞         Spirit   .   y - +1 helmet
rElec    +         Reflect  .   (no cloak)
rCorr    .         Harm     .   e - +1 pair of gloves
MR       .....     Rnd*Rage +   m - +1 pair of boots
Stlth    ++........             k - amulet of the gourmand
HPRegen  0.20/turn              (no ring)
MPRegen  0.17/turn              (no ring)

@: corroded
A: talons 1, berserk 1, negative energy resistance 1, electricity resistance,
unbreathing, petrification resistance, rot immunity, AC +8
a: Renounce Religion


You were on level 9 of the Dungeon.
You worshipped Vehumet.
Vehumet was aware of your devotion.
You were completely stuffed.

You visited 2 branches of the dungeon, and saw 10 of its levels.
You also visited: Ossuary.

You collected 419 gold pieces.

Inventory:

Hand Weapons
 g - a +2 whip of freezing
 v - a +0 morningstar
 w - a +4 flail (weapon)
Missiles
 b - 147 stones (quivered)
 B - a throwing net
Armour
 e - a +1 pair of gloves (worn)
 m - a +1 pair of boots (worn)
 p - a +2 robe of the Archmagi (worn)
 y - a +1 helmet (worn)
Jewellery
 k - an amulet of the gourmand (around neck)
 t - an uncursed ring of fire
 x - an uncursed amulet of magic regeneration {unknown}
Wands
 h - a wand of acid (4)
 l - a wand of disintegration (24)
Scrolls
 j - 3 scrolls of fear
 n - 6 scrolls of teleportation
 o - a scroll of remove curse
 q - a scroll of fog
 A - a scroll of blinking
Potions
 a - 2 potions of brilliance
 c - 3 potions of heal wounds
 f - 6 potions of curing
 r - 5 potions of ambrosia
 s - 3 potions of flight
 u - 2 potions of might
 z - a potion of lignification {unknown}
Comestibles
 d - 16 rations


   Skills:
 + Level 5.7 Fighting
 + Level 5.0 Maces & Flails
 + Level 5.6 Armour
 + Level 4.6 Dodging
 - Level 2.1 Stealth
 + Level 6.7 Spellcasting
 + Level 7.4 Conjurations
   Level 0.7 Transmutations
 + Level 9.2 Earth Magic
 + Level 4.5 Evocations


You had 11 spell levels left.
You knew the following spells:

 Your Spells              Type           Power        Failure   Level  Hunger
a - Sandblast             Erth           ######       1%          1    None
b - Stone Arrow           Conj/Erth      ######       1%          3    ##.....
c - Lee's Rapid Deconstr  Erth           ######....   6%          5    #####..
d - Mephitic Cloud        Conj/Pois/Air  ###.....     12%         3    ##.....

Your spell library contained the following spells:

 Spells                   Type           Power        Failure   Level  Hunger
 Flame Tongue             Conj/Fire      ####.        2%          1    None
 Passwall                 Tmut/Erth      #####...     1%          2    None
 Throw Frost              Conj/Ice       ####..       3%          2    None
 Conjure Flame            Conj/Fire      ####....     7%          3    ##.....
 Dazzling Spray           Conj/Hex       ####..       7%          3    ##.....
 Corona                   Hex            #......      11%         1    None
 Freeze                   Ice            #...         11%         1    None
 Petrify                  Tmut/Erth      #####...     13%         4    ####...
 Ensorcelled Hibernation  Hex/Ice        #.....       16%         2    None
 Poisonous Vapours        Pois/Air       #.....       16%         2    None
 Throw Icicle             Conj/Ice       ####....     22%         4    ####...
 Confuse                  Hex            #.......     30%         3    ##.....
 Ozocubu's Armour         Chrm/Ice       #.......     30%         3    ##.....
 Tukima's Dance           Hex            #.......     30%         3    ##.....
 Summon Ice Beast         Ice/Summ       #.......     71%         4    ####...
 Freezing Cloud           Conj/Ice/Air   ###.......   99%         6    #######
 Ring of Flames           Chrm/Fire      #.........   100%        7    #######


Dungeon Overview and Level Annotations

Branches:
Dungeon (9/15)             Temple (1/1) D:7             Orc (0/2) D:9
   Lair: D:8-11

Altars:
Ashenzari
Cheibriados
Elyvilon
Hepliaklqana
Makhleb
Nemelex Xobeh
Okawaru
Qazlal
Uskayaw
Vehumet
Xom
Yredelemnul
Zin

Shops:
D:6 =

Annotations:
D:6 2 transporters, theNoobletaur's ghost, novice CeGl
D:7 2 transporters, Shaidar's ghost, novice MiBe


Innate Abilities, Weirdness & Mutations

You are resistant to torment.
Your stone body is resilient. (AC +8)
You are immune to poison.
You resist negative energy. (rN+)
You are resistant to electric shocks. (rElec)
You can survive without breathing.
You are immune to petrification.
You are immune to rotting.
You have sharp toenails.
You tend to lose your temper in combat.


Message History

The orc is almost dead.
The orc wizard mumbles some strange words.
The orc wizard blinks!
The orc closely misses you.
You completely miss the orc.
The orc is almost dead.
The orc hits you but does no damage.
You hit the orc but do no damage.
The orc is almost dead.
The orc zaps a wand.
The bolt of acid hits the orc!
The orc is splashed with acid.
The acid corrodes the orc!
The orc dies!
The bolt of acid hits you! The acid corrodes you!
You are splashed with acid!
You sock the orc!
You kill the orc!
Vehumet accepts your kill.
You feel your power returning.
The orc zaps a wand.
The bolt of acid hits you! The acid corrodes you!
You are splashed with acid!
* * * LOW HITPOINT WARNING * * *
The orc zaps a wand.
The bolt of acid hits you!
You die...

###.#.##.###########.
#.#.#..............
#.#.........###
........###.##
#.###....#....# #.
##...#.#..#####.##
.....#<#..........
####.####...####.##
#>.......@)o#.#
#######.###)#.# #.#
#)#.#######
#.###)#........
#...))o.# ####..).#
#.##o## #.#.))#
#.+.8o#


You could see an orc.

Vanquished Creatures
  Harold (D:8)
  2 two-headed ogres (D:9)
  Pikel (D:6)
  2 hippogriffs
  The ghost of Shaidar the Magician, an amateur GnWz (D:4)
  The ghost of Shaidar the Magician, an amateur OpWz of Dithmenos (D:3)
  An orc warrior (D:9)
  2 porcupines (D:9)
  2 ice beasts
  3 sky beasts
  A phantom (D:9)
  5 black bears (D:9)
  7 ogres
  5 centaurs
  A wolf (D:9)
  2 crocodiles (D:9)
  3 bullfrogs (D:8)
  A gnoll sergeant (D:7)
  A water moccasin skeleton (D:4)
  2 scorpions
  9 crimson imps
  4 centaur zombies
  5 hounds
  A gnoll shaman (D:7)
  2 orc priests (D:9)
  2 jellies (D:8)
  2 orc wizards
  5 iguanas
  6 worker ants
  4 big kobold zombies (Ossuary)
  6 mummies (Ossuary)
  2 hound zombies
  12 gnolls
  7 adders
  A hound simulacrum (D:4)
  2 shadow imps (D:5)
  A white imp (D:4)
  2 howler monkey simulacra (D:4)
  2 oozes
  2 adder skeletons
  3 worms (D:2)
  2 dart slugs
  A leopard gecko (D:8)
  29 orcs
  A ball python (D:4)
  4 giant cockroaches
  3 hobgoblins
  5 jackals
  9 bats
  7 frilled lizards
  3 goblins
  4 hobgoblin zombies (Ossuary)
  A jackal simulacrum (D:4)
  A jackal skeleton (D:4)
  5 kobolds
  A leopard gecko skeleton (D:7)
  A quokka skeleton (D:5)
  7 rats
208 creatures vanquished.

Vanquished Creatures (others)
  An orc (D:9)
  2 fungi (D:9)
  6 plants
9 creatures vanquished.

Grand Total: 217 creatures vanquished

Notes
Turn   | Place    | Note
-------+----------+-------------------------------------------
     0 | D:1      | CandyEater the Gargoyle Earth Elementalist began the quest
                  | for the Orb.
     0 | D:1      | Reached XP level 1. HP: 10/10 MP: 3/3
   100 | D:1      | Reached XP level 2. HP: 15/15 MP: 3/5
   106 | D:1      | Reached skill level 4 in Earth Magic
   698 | D:2      | Found a sparkling altar of Nemelex Xobeh.
   801 | D:2      | Found a hide-covered altar of Uskayaw.
   830 | D:2      | Reached XP level 3. HP: 16/19 MP: 3/6
   835 | D:2      | Learned a level 3 spell: Stone Arrow
  1510 | D:3      | Reached skill level 1 in Conjurations
  1629 | D:3      | Noticed a centaur
  1634 | D:3      | Killed a centaur
  1634 | D:3      | Reached skill level 5 in Earth Magic
  1634 | D:3      | Reached XP level 4. HP: 16/24 MP: 3/9
  1634 | D:3      | Reached XP level 5. HP: 18/28 MP: 3/10
  1642 | D:3      | Learned a level 5 spell: Lee's Rapid Deconstruction
  2131 | D:3      | Found a runed translucent door.
  2136 | D:3      | Noticed Shaidar's ghost (amateur OpWz)
  2169 | D:3      | Killed Shaidar's ghost
  2169 | D:3      | Reached XP level 6. HP: 26/32 MP: 11/11
  2598 | D:4      | Reached skill level 6 in Earth Magic
  2683 | D:4      | Reached XP level 7. HP: 36/36 MP: 6/13
  2911 | D:4      | Found a runed translucent gate.
  2911 | D:4      | Found a runed translucent gate.
  2911 | D:4      | Found a runed translucent gate.
  3295 | D:4      | Noticed Shaidar's ghost (amateur GnWz)
  3564 | D:4      | Noticed a hippogriff
  3571 | D:4      | Killed a hippogriff
  3571 | D:4      | Reached skill level 1 in Fighting
  3571 | D:4      | Reached skill level 1 in Maces & Flails
  3571 | D:4      | Reached skill level 1 in Armour
  3571 | D:4      | Reached XP level 8. HP: 34/43 MP: 6/15
  3796 | D:4      | Reached skill level 1 in Evocations
  3798 | D:4      | Killed Shaidar's ghost
  3798 | D:4      | Reached skill level 7 in Earth Magic
  3842 | D:5      | Entered Level 5 of the Dungeon
  3943 | D:5      | Reached skill level 5 in Spellcasting
  4140 | D:5      | Found a snail-covered altar of Cheibriados.
  4172 | D:5      | Found an iron altar of Okawaru.
  4178 | D:5      | Reached skill level 5 in Conjurations
  4970 | D:5      | Reached XP level 9. HP: 49/49 MP: 10/16
  5152 | D:6      | Noticed Pikel
  5172 | D:6      | Killed Pikel
  5244 | D:6      | Found a sand-covered staircase.
  5259 | Ossuary  | Entered an ossuary
  5480 | Ossuary  | Gained mutation: Your spells are a little easier to cast,
                  | but a little less powerful. [potion of mutation]
  5480 | Ossuary  | Gained mutation: You tend to lose your temper in combat.
                  | [potion of mutation]
  5480 | Ossuary  | Gained mutation: You are resistant to hostile enchantments.
                  | (MR+) [potion of mutation]
  5481 | Ossuary  | Lost mutation: Your spells are a little easier to cast, but
                  | a little less powerful. [potion of mutation]
  5481 | Ossuary  | Lost mutation: You tend to lose your temper in combat.
                  | [potion of mutation]
  5481 | Ossuary  | Lost mutation: You are resistant to hostile enchantments.
                  | (MR+) [potion of mutation]
  5481 | Ossuary  | Gained mutation: You tend to lose your temper in combat.
                  | [potion of mutation]
  5481 | Ossuary  | Gained mutation: You have sharp toenails. [potion of
                  | mutation]
  5631 | D:6      | Found a transporter.
  5655 | D:6      | Identified the cursed +0 scale mail of Reason {+Fly rC+
                  | Regen+}
  5786 | D:6      | Noticed theNoobletaur's ghost (novice CeGl)
  5804 | D:6      | Found a transporter.
  5953 | D:6      | Found Udaeb's Jewellery Emporium.
  6231 | D:7      | Found a white marble altar of Elyvilon.
  6432 | D:7      | Reached skill level 8 in Earth Magic
  6571 | D:7      | Found a transporter.
  6609 | D:7      | Found a transporter.
  6613 | D:7      | Noticed Shaidar's ghost (novice MiBe)
  6613 | D:7      | Identified the +9 dire flail of Imnuk {venom, rElec rN+
                  | Int-3}
  6613 | D:7      | Noticed a two-headed ogre
  6710 | D:7      | Found a staircase to the Ecumenical Temple.
  6731 | Temple   | Entered the Ecumenical Temple
  6768 | Temple   | Became a worshipper of Vehumet
  6934 | D:7      | Found a glowing silver altar of Zin.
  7170 | D:8      | Reached XP level 10. HP: 56/56 MP: 12/18
  7288 | D:8      | Learned a level 3 spell: Mephitic Cloud
  7667 | D:8      | Noticed Harold
  7672 | D:8      | Killed Harold
  7834 | D:9      | Noticed a two-headed ogre
  7837 | D:9      | Killed a two-headed ogre
  7861 | D:9      | Reached skill level 5 in Fighting
  7861 | D:9      | Reached skill level 5 in Armour
  7865 | D:9      | Noticed a two-headed ogre
  7873 | D:9      | Killed a two-headed ogre
  7893 | D:9      | Reached skill level 9 in Earth Magic
  7922 | D:9      | Reached * piety under Vehumet
  7922 | D:9      | Offered knowledge of Magic Dart by Vehumet.
  7922 | D:9      | Reached XP level 11. HP: 50/64 MP: 9/20
  8105 | D:9      | Reached skill level 5 in Maces & Flails
  8158 | D:9      | Found a staircase to the Orcish Mines.
  8171 | D:9      | Offered knowledge of Flame Tongue by Vehumet.
  8177 | D:9      | Killed from afar by an orc

Levels and vault maps discovered:
D:1:      kennysheep_arrival_forest, layout_rooms
D:2:      layout_loops_ring, old_standard_altar,
          nemelex_xobeh_ov_fountains_minmay, first_ration, minmay_misc_feat_five
D:3:      layout_basic, ebering_ghost_sewer_d
D:4:      layout_loops_ring, gammafunk_ghost_icy, kennysheep_potato
D:5:      layout_basic, okawaru_trees_1, old_standard_altar, roderic_lattice_a
D:6:      layout_basic, serial_shops, shop, nicolae_ossuary_entry_ruins,
          gammafunk_ghost_gnarly_gnolls, uniq_pikel
D:7:      layout_cave_pools, old_standard_altar, zin_treasury,
          minmay_temple_entry_sparse_star, gammafunk_ghost_smash
D:8:      layout_basic, uniq_harold
D:9:      layout_basic, minmay_lair_entry_grove, hiddenorc2_lemuel
Temple:   nicolae_temple_elliptical

Skill      XL: |  1  2  3  4  5  6  7  8  9 10 11 |
---------------+----------------------------------+-----
Earth Magic    | 4 5 6 7 8 9 |  9.2
Conjurations   | 2 3 4 5 6 7 |  7.4
Spellcasting   | 3 4 5 6 |  6.7
Fighting       | 1 2 4 5 |  5.7
Maces & Flails | 1 2 3 4 5 |  5.0
Armour         | 1 2 4 5 |  5.6
Dodging        | 2 3 4 |  4.6
Evocations     | 2 3 4 |  4.5
Stealth        | |  2.1
Transmutations | |  0.7

Action                   |  1- 3 |  4- 6 |  7- 9 | 10-12 || total
-------------------------+-------+-------+-------+-------++-------
Melee: Unarmed           |    10 |       |       |       ||    10
       Club              |    94 |    67 |    32 |       ||   193
       Flail             |       |       |   113 |    94 ||   207
 Cast: Sandblast         |    33 |    21 |   103 |    40 ||   197
       Stone Arrow       |       |     2 |    10 |     2 ||    14
       Lee's Rapid Decon |       |       |    13 |     8 ||    21
Evoke: Wand              |       |       |     7 |     3 ||    10
  Use: Scroll            |    11 |     1 |     5 |     2 ||    19
       Potion            |       |     3 |     2 |       ||     5
 Stab: Sleeping          |     2 |       |       |       ||     2
  Eat: Chunk             |    14 |     6 |    20 |     6 ||    46
Armor: Robe              |    83 |    61 |   126 |    63 ||   333
Dodge: Dodged            |    98 |    80 |   176 |    78 ||   432

Table legend:
 A = Non-vault XP
 B = Vault XP
 C = Vault XP percentage of total XP
 D = Non-vault monster count
 E = Vault monster count
 F = Vault count percentage of total count
                 A         B        C        D         E       F
            +---------+---------+-------+---------+---------+-------
      Total |    6685 |    3927 |  37.0 |     148 |      61 |  29.2
            +---------+---------+-------+---------+---------+-------
        D:1 |      27 |       0 |   0.0 |      15 |       0 |   0.0
        D:2 |      44 |       0 |   0.0 |      17 |       0 |   0.0
        D:3 |     155 |     184 |  54.3 |      17 |       3 |  15.0
        D:4 |     771 |     257 |  25.0 |      15 |       7 |  31.8
        D:5 |     990 |       0 |   0.0 |      31 |       0 |   0.0
        D:6 |     366 |     593 |  61.8 |       4 |       1 |  20.0
        D:7 |     608 |       0 |   0.0 |      18 |       0 |   0.0
        D:8 |     917 |    1028 |  52.9 |      15 |       1 |   6.2
        D:9 |    2807 |    1520 |  35.1 |      16 |      32 |  66.7
    Ossuary |       0 |     345 | 100.0 |       0 |      17 | 100.0
            +---------+---------+-------+---------+---------+-------
